Map: Selva profunda EE

Players

TATORREA - Winner!

  • Race: Protoss Protoss
  • League: Silver
  • Spawn Location: 1:00

MrFercho - Winner!

  • Race: Zerg Zerg
  • League: Silver
  • Spawn Location: 3:00

tigro - Winner!

  • Race: Terran Terran
  • League: Bronze
  • Spawn Location: 1:00

Lasik

  • Race: Terran Terran
  • Spawn Location: 7:00

superasswipe

  • Race: Zerg Zerg
  • Spawn Location: 7:00

Leprechaun

  • Race: Zerg Zerg
  • Spawn Location: 7:00

VOD

Have the link to the VOD?

Description

Time

  • Played on: June 7, 2020, 6:02 p.m.
  • Length: 21:02
Show
View Real Time Build Order
Export as new Build Order

TATORREA Protoss - Winner!

Build Orders:  

Get SALT Encoding   

  12  0:02  Probe  
  13  0:26  Probe (Chrono Boost)  
  13  0:27  Pylon  
  15  0:36  Probe (Chrono Boost)  
  15  0:43  Probe  
  16  0:55  Gateway x2  
  16  1:03  Probe  
  17  1:13  Assimilator  
  17  1:15  Probe  
  18  1:27  Probe  
  19  1:46  Pylon  
  19  1:57  Zealot (Chrono Boost)  
  19  1:59  Nexus  
  23  2:03  Zealot (Chrono Boost)  
  23  2:13  Cybernetics Core  
  23  2:17  Probe  
  23  2:19  Assimilator  
  24  2:24  Zealot  
  26  2:32  Zealot  
  26  2:35  Probe  
  29  2:47  Probe  
  29  2:50  Warp Gate  
  30  3:05  Probe  
  31  3:14  Probe  
  31  3:17  Probe  
  33  3:27  Probe  
  34  3:29  Probe  
  34  3:32  Pylon  
  35  3:34  Pylon  
  35  3:39  Pylon, Probe  
  36  3:41  Probe  
  37  3:48  Robotics Facility  
  37  3:51  Twilight Council, Probe  
  37  3:53  Probe  
  39  4:07  Probe x2  
  41  4:15  Gateway  
  41  4:17  Gateway  
  41  4:37  Probe x2  
  43  4:46  Immortal  
  43  4:47  Charge  
  47  4:57  Forge  
  47  5:01  Probe  
  47  5:02  Probe  
  49  5:07  Gateway  
  49  5:08  Gateway  
  49  5:11  Assimilator  
  49  5:15  Stalker x2  
  49  5:16  Stalker x2  
  49  5:19  Probe  
  49  5:20  Probe  
  59  5:35  Assimilator  
  59  5:37  Probe x2  
  61  5:49  Probe x2  
  63  5:55  Forge  
  63  5:58  Pylon  
  63  6:01  Probe x2  
  63  6:03  Pylon  
  65  6:07  Pylon  
  65  6:23  Stalker x2  
  65  6:24  Stalker x4  
  77  6:53  Stalker x4  
  77  6:54  Stalker  
  87  6:55  Stalker  
  87  6:59  Nexus  
  87  7:00  Protoss Ground Weapons Level 1  
  87  7:22  Stalker x2  
  79  7:23  Stalker x4  
  58  7:46  Zealot x2  
  58  7:47  Zealot x3  
  58  7:48  Zealot  
  50  8:12  Probe  
  51  8:13  Probe x2  
  51  8:16  Stalker  
  51  8:17  Stalker x5  
  65  8:24  Probe  
  65  8:25  Probe x2  
  66  8:43  Stalker x2  
  66  8:45  Stalker x3  
  66  8:46  Stalker  
  78  8:49  Probe x3  
  78  8:54  Protoss Ground Armor Level 1 (Chrono Boost)  
  81  9:01  Immortal  
  85  9:14  Zealot x3  
  85  9:15  Zealot  
  93  9:30  Stalker  
  95  9:31  Stalker  
  95  9:38  Assimilator  
  97  9:40  Assimilator  
  97  9:43  Zealot  
  97  9:44  Zealot x3  
  105  9:47  Protoss Ground Weapons Level 2 (Chrono Boost)  
  109  9:52  Immortal  
  109  11:00  Pylon  
  109  11:06  Pylon  
  109  11:10  Pylon  
  109  11:16  Pylon, Probe x2  
  97  11:35  Pylon  
  97  11:38  Pylon  
  97  11:43  Pylon  
  97  11:46  Pylon  
  97  11:50  Pylon  
  97  11:54  Pylon  
  97  12:09  Nexus  
  97  12:10  Protoss Ground Armor Level 2 (Chrono Boost)  
  97  12:12  Protoss Ground Weapons Level 3 (Chrono Boost)  
  97  12:21  Immortal, Pylon  
  97  12:22  Pylon x2  
  101  12:24  Pylon x2  
  101  12:27  Zealot x4  
  101  12:28  Zealot x2  
  69  13:00  Observer  
  69  13:05  Stalker x2  
  64  13:06  Stalker x4  
  72  13:15  Blink  
  72  13:22  Immortal, Stargate  
  72  13:24  Probe, Stargate  
  72  13:26  Stargate  
  77  13:30  Protoss Air Weapons Level 1  
  77  13:37  Zealot x2  
  77  13:38  Zealot x2  
  77  13:40  Zealot x2  
  89  13:48  Assimilator  
  89  13:50  Assimilator  
  71  14:06  Stalker x4  
  71  14:07  Stalker x2  
  66  14:31  Stalker x2  
  58  14:32  Stalker x3  
  58  14:34  Stalker  
  68  15:10  Pylon  
  68  15:14  Pylon  
  68  15:18  Pylon  
  68  15:21  Pylon  
  68  15:24  Protoss Ground Armor Level 3 (Chrono Boost)  
  68  15:25  Protoss Shields Level 1 (Chrono Boost)  
  68  15:30  Immortal  
  68  15:32  Gateway  
  72  15:35  Gateway  
  72  15:39  Gateway  
  72  15:40  Gateway  
  72  15:41  Stalker x3  
  72  15:42  Stalker x3, Gateway  
  84  16:04  Nexus  
  84  16:15  Stalker  
  84  16:16  Stalker x3  
  84  16:17  Stalker x2  
  96  16:27  Robotics Bay  
  96  16:30  Fleet Beacon  
  96  16:49  Zealot x2  
  96  16:50  Zealot x2  
  96  16:51  Zealot x2  
  96  16:52  Zealot x2  
  96  16:53  Zealot x2  
  96  16:54  Zealot  
  118  16:59  Void Ray x3  
  130  17:04  Colossus  
  130  17:08  Extended Thermal Lance  
  130  17:10  Unknown  
  136  17:24  Protoss Air Armor Level 1  
  136  17:33  Stalker  
  136  17:34  Stalker x3  
  144  17:38  Zealot  
  144  17:39  Zealot  
  144  17:42  Void Ray x3  
  160  17:58  Immortal  
  164  18:08  Assimilator  
  164  18:09  Assimilator  
  164  18:13  Zealot x3  
  164  18:14  Zealot  
  164  18:15  Zealot  
  164  18:16  Zealot  
  176  18:24  Protoss Shields Level 2 (Chrono Boost)  
  176  18:25  Void Ray x3  
  188  18:36  Colossus  
  194  18:55  Zealot x2  
  182  19:31  Immortal  
  184  20:04  Nexus  
Show
View Real Time Build Order
Export as new Build Order

MrFercho Zerg - Winner!

Build Orders: Pool First 

Get SALT Encoding   

  12  0:01  Drone  
  13  0:13  Overlord  
  13  0:18  Drone  
  14  0:32  Drone  
  14  0:33  Drone  
  16  0:40  Drone  
  17  0:47  Spawning Pool  
  17  0:49  Drone  
  17  0:58  Drone  
  17  1:03  Extractor  
  17  1:08  Drone  
  18  1:32  Hatchery  
  17  1:33  Drone x2  
  17  1:37  Queen  
  22  1:47  Drone  
  22  1:51  Overlord  
  22  2:05  Evolution Chamber  
  22  2:07  Roach Warren  
  20  2:11  Metabolic Boost  
  20  2:17  Drone  
  21  2:26  Drone x2  
  23  2:33  Extractor  
  23  2:35  Drone  
  23  2:44  Queen  
  23  2:45  Drone  
  23  2:49  Drone  
  23  2:50  Drone  
  28  3:01  Drone  
  28  3:02  Drone x2  
  28  3:03  Drone  
  32  3:12  Lair  
  32  3:22  Drone  
  32  3:23  Drone  
  34  3:30  Extractor  
  33  3:37  Drone  
  33  3:38  Drone  
  33  3:39  Drone  
  33  3:40  Overlord x2  
  36  3:45  Extractor  
  35  3:56  Zerg Ground Armor Level 1  
  35  4:01  Zergling x4  
  35  4:02  Zergling x2, Roach x2  
  39  4:34  Zergling x6  
  39  4:35  Zergling x4, Roach x2  
  48  4:44  Drone  
  49  5:03  Spire  
  49  5:06  Drone x3  
  51  5:09  Overlord  
  51  5:11  Overseer x2  
  51  5:34  Hatchery  
  50  5:38  Hatchery  
  50  5:39  Drone x3  
  52  5:43  Drone x2  
  52  5:44  Drone  
  52  5:47  Roach  
  52  5:48  Roach  
  59  6:02  Zerg Ground Armor Level 2  
  59  6:12  Spire  
  59  6:14  Overseer  
  58  6:23  Drone  
  58  6:25  Overlord x3  
  59  6:26  Overlord  
  59  6:47  Infestation Pit  
  45  7:13  Mutalisk  
  45  7:14  Mutalisk x4  
  45  7:15  Mutalisk  
  57  7:20  Zergling x12  
  53  8:05  Mutalisk  
  53  8:06  Mutalisk x5  
  53  8:10  Zergling x12  
  71  8:16  Hatchery  
  70  8:50  Drone x8  
  70  8:51  Drone x4  
  82  8:56  Queen  
  82  8:58  Pneumatized Carapace  
  84  9:05  Hive  
  84  9:08  Zerg Flyer Armor Level 1, Zerg Flyer Weapons Level 1  
  83  9:52  Extractor, Drone x3  
  85  9:53  Extractor  
  85  9:56  Drone x5  
  89  11:52  Mutalisk x10  
  109  11:55  Overlord x4  
  109  12:30  Mutalisk x5  
  109  12:31  Mutalisk x7  
  133  12:37  Zerg Flyer Weapons Level 2, Zerg Flyer Armor Level 2  
  103  14:14  Mutalisk x12  
  105  15:16  Mutalisk x6  
  105  15:17  Mutalisk x6  
  115  15:44  Mutalisk x8  
  131  15:51  Overseer  
  131  16:13  Zerg Flyer Armor Level 3  
  131  16:19  Hatchery  
  131  16:20  Extractor  
  131  16:23  Extractor, Zerg Flyer Weapons Level 3  
  128  16:34  Drone  
  128  16:35  Drone x2  
  91  18:06  Mutalisk x3  
  91  18:07  Mutalisk x9  
  115  18:26  Overlord  
  115  18:27  Overlord x3  
  115  18:28  Overlord x7  
  115  18:31  Overseer x2  
  115  18:43  Drone x2  
  115  18:44  Drone  
  117  19:34  Mutalisk  
  117  19:35  Mutalisk x9  
  137  19:39  Drone  
  137  19:44  Zergling x14  
Show
View Real Time Build Order
Export as new Build Order

tigro Terran - Winner!

Build Orders:  

Get SALT Encoding   

  12  0:03  SCV  
  13  0:15  SCV  
  15  0:28  SCV  
  15  0:30  Supply Depot  
  15  0:37  Refinery  
  15  0:52  SCV  
  15  0:55  Refinery  
  16  1:03  Barracks  
  16  1:05  SCV  
  17  1:17  SCV  
  18  1:29  SCV  
  19  1:41  SCV  
  20  1:47  Supply Depot  
  20  1:53  SCV  
  21  1:55  Marine  
  22  2:09  Barracks  
  22  2:13  Marine  
  23  2:21  SCV  
  24  2:27  Engineering Bay  
  24  2:31  Marine  
  24  2:33  SCV  
  26  2:45  SCV  
  26  2:48  Marine  
  28  2:59  Barracks Tech Lab  
  28  3:01  Factory  
  28  3:06  Marine, Orbital Command  
  28  3:08  Terran Infantry Weapons Level 1  
  29  3:28  Barracks Tech Lab  
  29  3:35  Combat Shield  
  29  3:51  Stimpack  
  29  3:58  Factory Tech Lab  
  29  4:13  Missile Turret  
  24  4:19  Marine x2  
  26  4:35  Missile Turret  
  26  4:37  Marine x2  
  28  4:51  Starport  
  28  4:54  Marine  
  28  4:55  Marine  
  30  5:03  Terran Infantry Armor Level 1  
  30  5:04  Siege Tank  
  33  5:12  Marine x2  
  35  5:20  Armory  
  35  5:30  Marine x2  
  37  5:36  Siege Tank  
  40  5:44  Concussive Shells  
  40  5:48  Marine x2  
  40  5:49  Medivac  
  44  6:06  Marine x2  
  46  6:19  Missile Turret  
  46  6:23  Starport Tech Lab  
  46  6:51  Command Center  
  46  6:57  Hi-Sec Auto Tracking  
  46  7:10  Marine x2  
  28  7:28  Marine x2  
  30  7:35  Siege Tank  
  33  7:46  Marine x2  
  33  7:49  Medivac  
  37  7:54  Neosteel Armor  
  37  8:03  Marine  
  37  8:04  Marine  
  39  8:13  Planetary Fortress  
  39  8:21  Marine x2  
  41  8:37  Missile Turret  
  41  8:39  Marine x2  
  43  8:43  Refinery  
  43  8:57  Marine x2  
  45  9:05  Missile Turret  
  45  9:13  Refinery  
  45  9:15  Marine x2  
  47  9:25  Missile Turret  
  47  9:29  SCV  
  48  9:32  Marine  
  48  9:33  Terran Infantry Weapons Level 2, Marine  
  50  9:41  SCV  
  50  9:44  Fusion Core  
  51  9:53  SCV  
  52  10:05  SCV  
  53  10:09  Missile Turret  
  53  10:17  SCV  
  54  10:30  Missile Turret  
  54  11:01  Missile Turret  
  54  11:25  Marine x2, Missile Turret  
  56  11:35  Siege Tank  
  59  11:43  Marine x2  
  59  11:44  Weapon Refit  
  61  11:49  Terran Infantry Armor Level 2  
  61  11:54  Missile Turret  
  61  12:00  Marine  
  62  12:21  Missile Turret  
  62  12:42  Missile Turret  
  62  12:47  Supply Depot  
  62  13:07  Marine  
  62  13:08  Marine  
  62  13:09  Battlecruiser, Siege Tank  
  62  13:10  Supply Depot  
  56  13:15  Missile Turret  
  45  13:25  Marine  
  45  13:26  Marine  
  47  13:41  Siege Tank  
  50  13:43  Marine x2  
  52  13:53  SCV  
  53  14:01  Marine x2  
  55  14:06  SCV  
  55  14:13  Medivac, Siege Tank  
  57  14:18  SCV  
  57  14:19  Marine x2  
  60  14:30  SCV  
  54  14:43  Medivac  
  54  14:45  Siege Tank  
  59  15:13  Battlecruiser  
  65  15:17  Siege Tank  
  68  16:18  Battlecruiser  
  74  17:15  Terran Infantry Weapons Level 3  
  74  17:20  Marine x2  
  74  17:21  Missile Turret  
  76  17:37  Marine  
  76  17:38  Marine  
  76  17:42  Missile Turret  
  78  18:02  Missile Turret  
  78  18:21  Command Center  
  78  18:35  Missile Turret  
  78  18:37  Refinery  
  78  18:43  Refinery  
  78  18:47  Marine x2, Battlecruiser  
  86  18:55  Missile Turret  
  86  19:04  Marine x2  
  88  19:15  Missile Turret  
  85  19:22  Marine x2  
  72  19:39  Missile Turret  
  72  19:40  Marine x2  
  60  19:51  Battlecruiser  
  62  19:58  Marine x2  
  64  20:16  Marine x2  
  72  20:33  Marine  
  72  20:34  Marine  
Show
View Real Time Build Order
Export as new Build Order

Lasik Terran 

Build Orders:  

Get SALT Encoding   

  12  0:03  SCV  
  13  0:15  SCV  
  13  0:20  Supply Depot  
  14  0:27  SCV  
  15  0:42  SCV  
  16  0:46  Barracks  
  16  0:51  Supply Depot  
  16  1:03  SCV  
  17  1:08  Barracks  
  17  1:14  Refinery  
  17  1:15  SCV  
  18  1:27  Barracks  
  18  1:38  Marine  
  19  1:47  Supply Depot  
  19  1:56  Marine  
  19  1:57  Marine  
  21  2:08  Orbital Command  
  21  2:15  Marine  
  21  2:18  Marine, Engineering Bay  
  23  2:28  Marine  
  24  2:36  Marine  
  25  2:59  Marine x2  
  25  3:00  Marine  
  28  3:13  Terran Infantry Weapons Level 1  
  28  3:19  Barracks Tech Lab  
  28  3:20  Barracks Reactor  
  28  3:21  Barracks Tech Lab  
  28  3:28  SCV  
  29  3:47  Marauder  
  33  3:48  Marauder  
  33  3:58  Command Center  
  33  4:08  Marine  
  33  4:09  Marine  
  33  4:29  Marauder  
  33  4:30  Marauder, Marine  
  33  4:31  Marine  
  34  4:52  Marauder, Marine  
  33  4:53  Marine  
  33  4:55  Marauder  
  37  5:10  Marine  
  37  5:11  Marine  
  37  5:13  Marauder  
  41  5:16  Marauder  
  41  5:17  SCV  
  44  5:28  Marine  
  44  5:29  Marine, SCV  
  44  5:35  Marauder  
  49  5:38  Marauder  
  51  5:42  Factory  
  51  5:46  Supply Depot  
  51  5:56  Marauder  
  53  5:57  Marine  
  54  6:07  Marine  
  54  6:08  Marauder  
  54  6:10  SCV  
  58  6:22  SCV  
  59  6:31  Factory Tech Lab, Refinery  
  59  6:34  SCV  
  59  6:39  Stimpack  
  60  6:44  Concussive Shells  
  60  6:46  SCV  
  61  7:10  Marine  
  61  7:14  Marine  
  61  7:28  Marine  
  62  7:34  Marauder, Marine  
  62  7:36  Supply Depot  
  60  7:37  Marauder  
  53  7:46  Terran Infantry Armor Level 1  
  50  7:52  Armory  
  50  7:56  Marauder  
  43  7:58  Marauder  
  43  7:59  Supply Depot  
  43  8:04  Marine x2  
  45  8:12  Refinery  
  45  8:16  Refinery  
  45  8:17  Marauder  
  45  8:19  Orbital Command  
  47  8:20  Marauder  
  47  8:22  Marine x2  
  48  8:31  Combat Shield  
  43  9:29  Marauder x2  
  43  9:30  Marine x2  
  49  9:38  Terran Vehicle And Ship Armor Level 1  
  49  9:39  Terran Infantry Weapons Level 2  
  49  9:48  Marine x2  
  49  9:50  Marauder  
  49  9:51  Marauder, Siege Tank  
  58  10:23  Siege Tank  
  61  10:56  Marauder x2  
  65  10:57  Marine x2  
  67  11:15  Marine x2  
  67  11:18  Marauder x2  
  43  11:54  Terran Vehicle And Ship Armor Level 2  
  43  12:11  Starport  
  43  12:12  Starport  
  43  12:24  Starport  
  43  12:36  Siege Tank  
  46  12:47  Factory  
  46  13:06  Supply Depot x2  
  46  13:08  Siege Tank  
  46  13:29  Supply Depot  
  46  13:30  Supply Depot  
  46  13:38  Starport Tech Lab  
  46  13:39  Starport Reactor  
  46  13:40  Starport Tech Lab  
  49  13:45  Thor  
  52  13:52  Factory Tech Lab  
  52  14:04  Marauder x2  
  52  14:07  Marine x2  
  58  14:24  Marine  
  58  14:25  Marauder, Marine  
  58  14:26  Marauder  
  64  14:37  Supply Depot  
  64  14:42  Marine x2  
  64  14:44  Thor x2  
  78  14:59  Fusion Core  
  78  15:01  Supply Depot  
  78  15:21  Marauder x2, Command Center  
  82  15:27  Marine x2  
  84  16:58  Battlecruiser x2  
  96  17:08  Viking x2  
  100  17:15  Cloaking Field  
  100  17:24  Terran Vehicle And Ship Armor Level 3  
  100  17:38  Viking x2  
  94  18:02  Banshee x2  
  100  18:08  Viking  
  102  18:17  Factory Tech Lab  
  102  18:41  Factory Tech Lab  
  102  18:45  Battlecruiser x2  
  102  18:46  Thor  
  101  19:38  SCV  
  94  19:49  Battlecruiser, Banshee  
Show
View Real Time Build Order
Export as new Build Order

superasswipe Zerg 

Build Orders: Hatch First 

Get SALT Encoding   

  12  0:02  Drone  
  13  0:12  Drone  
  14  0:45  Hatchery  
  13  0:52  Spawning Pool  
  13  0:55  Extractor  
  11  1:15  Drone x3  
  14  1:36  Overlord  
  14  1:52  Overlord  
  14  1:58  Zergling x4  
  14  1:59  Queen  
  18  2:08  Queen  
  18  2:13  Drone  
  21  2:18  Drone  
  23  2:22  Drone  
  23  2:28  Drone  
  24  2:32  Drone  
  25  2:39  Drone x2  
  27  2:45  Drone  
  27  2:46  Drone  
  29  2:54  Drone x2  
  31  3:00  Metabolic Boost  
  31  3:09  Drone x3  
  34  3:14  Overlord  
  34  3:25  Lair  
  34  3:31  Roach Warren  
  33  3:34  Evolution Chamber  
  33  3:38  Drone  
  33  3:46  Evolution Chamber  
  33  3:48  Drone x4  
  36  4:01  Overlord  
  36  4:02  Overlord  
  36  4:04  Spine Crawler  
  35  4:12  Spine Crawler  
  35  4:14  Drone  
  35  4:15  Drone  
  36  4:19  Extractor  
  36  4:21  Extractor  
  36  4:23  Extractor, Drone x3  
  36  4:26  Drone x2  
  38  4:38  Roach x3  
  46  4:53  Roach x4  
  52  5:00  Glial Reconstitution  
  52  5:07  Pneumatized Carapace  
  52  5:09  Overlord  
  52  5:10  Overlord  
  52  5:21  Overlord  
  52  5:22  Overlord  
  52  5:29  Roach x2  
  52  5:30  Roach x2  
  60  5:36  Roach x2  
  60  5:38  Roach  
  66  5:46  Roach x2  
  70  6:01  Roach x3  
  70  6:02  Roach  
  78  6:06  Drone x2  
  78  6:08  Drone  
  81  6:21  Nydus Network  
  80  6:42  Drone x2  
  80  6:43  Drone x2  
  82  7:09  Hatchery  
  82  7:11  Extractor  
  82  7:14  Extractor  
  65  7:31  Roach x5  
  65  7:32  Roach x5  
  77  7:47  Roach x3  
  77  7:48  Roach x2  
  69  8:11  Roach x3  
  69  8:12  Roach  
  77  8:49  Queen  
  77  8:51  Drone x2  
  77  8:52  Drone x7  
  88  9:28  Drone x2  
  88  9:31  Overlord x4  
  90  9:40  Spore Crawler x2  
  90  9:43  Drone  
  90  9:44  Drone  
  90  9:48  Overlord x2  
  90  10:18  Nydus Canal  
  90  11:27  Roach x5  
  90  11:28  Roach x8  
  90  11:29  Roach x4  
  124  11:42  Drone x2  
  126  11:52  Overlord x3  
  126  12:06  Overlord x2  
  126  12:12  Drone x4  
  130  12:24  Infestation Pit  
  130  12:28  Roach x5  
  130  12:29  Roach x5  
  147  12:55  Roach x7  
  147  12:56  Roach x3  
  135  13:33  Spawning Pool  
  132  13:44  Roach  
  132  13:45  Roach x5  
  132  13:46  Drone x4  
  132  13:47  Drone x3  
  147  14:03  Roach  
  147  14:04  Drone x5  
  140  14:22  Roach x3  
  80  14:47  Roach  
  80  14:48  Roach x6  
  80  14:49  Roach x2  
  94  15:03  Drone  
  95  15:09  Evolution Chamber  
  95  15:11  Evolution Chamber  
  89  15:24  Roach x4  
  89  15:25  Roach x4  
  105  15:58  Drone x4  
  111  16:11  Roach x4  
  111  16:12  Roach x3  
  111  16:15  Hive  
  123  16:21  Hatchery  
  123  16:23  Extractor x2  
  120  16:52  Roach x3  
  120  16:53  Roach x7  
  120  16:54  Roach  
  140  17:39  Drone x3  
  140  17:40  Overlord x3  
  143  18:35  Nydus Canal  
  85  19:32  Queen  
  85  19:37  Drone x3  
  67  20:05  Roach x2  
  67  20:06  Roach x4  
  67  20:07  Roach x3  
Show
View Real Time Build Order
Export as new Build Order

Leprechaun Zerg 

Build Orders: Hatch First 

Get SALT Encoding   

  12  0:08  Drone  
  13  0:37  Hatchery  
  12  0:47  Drone  
  12  0:48  Drone  
  14  1:04  Spawning Pool  
  13  1:07  Extractor  
  13  1:08  Drone  
  13  1:09  Drone  
  14  1:36  Overlord  
  14  1:37  Overlord  
  14  1:38  Overlord  
  14  2:04  Drone x4  
  18  2:17  Drone x2  
  20  2:26  Lair  
  20  2:37  Extractor  
  19  2:45  Queen  
  21  3:11  Drone x2  
  21  3:12  Drone x4  
  27  3:21  Queen  
  29  3:46  Extractor  
  28  3:52  Drone x3  
  28  3:53  Drone x3  
  34  4:08  Spire  
  33  4:10  Extractor  
  32  4:23  Drone x2  
  32  4:24  Drone x2  
  36  4:33  Drone x2  
  38  4:41  Spine Crawler  
  38  4:43  Spine Crawler  
  36  4:51  Spine Crawler  
  35  4:54  Spine Crawler  
  34  5:06  Spore Crawler  
  34  5:07  Drone x6  
  34  5:08  Drone x2  
  41  5:23  Zerg Flyer Weapons Level 1  
  41  5:25  Mutalisk  
  41  5:27  Overlord x2  
  43  5:50  Mutalisk x3  
  43  5:51  Mutalisk x2  
  53  6:11  Mutalisk  
  53  6:12  Mutalisk x2  
  53  6:15  Overlord  
  59  6:29  Drone  
  60  6:35  Drone x2  
  60  6:36  Drone x2  
  64  7:11  Mutalisk x6  
  64  7:14  Overlord x2  
  64  7:15  Overlord  
  66  7:16  Overlord  
  66  7:18  Zerg Flyer Armor Level 1  
  64  8:03  Mutalisk x4  
  64  8:04  Mutalisk  
  68  8:39  Mutalisk x4  
  76  8:58  Nydus Network  
  76  8:59  Mutalisk  
  77  9:07  Pneumatized Carapace  
  77  9:11  Zerg Flyer Weapons Level 2  
  77  9:38  Mutalisk x3  
  81  10:10  Mutalisk x3  
  81  10:11  Mutalisk  
  81  10:12  Overlord x2  
  81  10:13  Overlord x6  
  89  10:21  Hatchery  
  88  10:27  Extractor  
  87  10:29  Extractor  
  87  10:34  Spine Crawler  
  85  10:46  Overseer x2  
  85  10:47  Overseer  
  85  11:09  Mutalisk x3  
  85  11:10  Mutalisk  
  93  11:14  Overlord  
  93  11:15  Overlord  
  93  11:27  Zerg Flyer Armor Level 2  
  93  12:02  Mutalisk x4  
  93  12:04  Drone x4  
  93  12:05  Drone  
  106  12:46  Mutalisk x5  
  106  12:49  Drone x6  
  78  13:48  Mutalisk  
  78  13:49  Mutalisk x6  
  78  13:50  Mutalisk x2  
  68  14:36  Mutalisk x6  
  68  14:37  Mutalisk x2  
  84  15:04  Spine Crawler  
  81  15:08  Spine Crawler  
  81  15:12  Spore Crawler  
  81  15:14  Spore Crawler  
  66  15:16  Spore Crawler, Mutalisk x4  
  66  15:17  Mutalisk x2  
  67  15:30  Mutalisk x2  
  71  15:39  Drone x5  
  71  15:40  Drone  
  67  15:44  Mutalisk  
  69  16:22  Spine Crawler  
  69  16:25  Roach Warren  
  67  16:34  Spore Crawler  
  67  16:37  Spore Crawler  
  67  16:39  Spore Crawler x2  
  63  16:48  Spore Crawler x2  
  61  16:55  Mutalisk x3  
  61  16:56  Mutalisk x6  
  61  16:59  Spore Crawler  
  78  17:03  Queen  
  50  17:45  Spire  
  49  18:03  Spore Crawler  
  48  18:40  Spawning Pool  
  47  18:46  Spore Crawler  
  47  18:47  Spore Crawler  
  46  18:52  Spore Crawler  
  45  18:57  Spore Crawler  
  45  19:00  Spore Crawler  
  43  19:03  Spore Crawler  
  42  19:10  Spore Crawler  
  42  19:11  Spore Crawler  
  42  19:12  Mutalisk x6  
  42  19:13  Mutalisk x6  
  64  19:44  Spore Crawler  
  64  19:45  Spore Crawler  
  62  19:56  Spore Crawler  
  61  20:05  Spore Crawler  
  60  20:18  Spore Crawler  
  60  20:20  Spine Crawler  
Tags
 
Add a new tag
Caveats
  • Supply blocks, unpowered buildings, or Contaminate may cause inaccurate times.
  • Supply counts are checked every 10 seconds.